[ AOE2 MATCH · #467292746 ]
UnrankedFranks vs Dravidians
[ REPLAY ANALYSIS · EXTRACTED FROM THE RECORDED GAME ]
Feudal
11:21
Castle
—
Imperial
—
| APM avg | 26.6 |
| APM peak | 63 |
| eAPM avg | 16.5 |
| Villagers / military | 31 / 0 |
Focus
⚔️ 26.4% · 🌾 73.6%
Feudal
12:10
Castle
—
Imperial
—
| APM avg | 32.0 |
| APM peak | 90 |
| eAPM avg | 13.8 |
| Villagers / military | 25 / 0 |
Focus
⚔️ 14.9% · 🌾 85.1%
Feudal
—
Castle
—
Imperial
—
| APM avg | 19.1 |
| APM peak | 45 |
| eAPM avg | 9.5 |
| Villagers / military | 23 / 0 |
Focus
⚔️ 11.5% · 🌾 88.5%
Feudal
10:37
Castle
—
Imperial
—
| APM avg | 23.7 |
| APM peak | 46 |
| eAPM avg | 13.2 |
| Villagers / military | 22 / 0 |
Focus
⚔️ 20.4% · 🌾 79.6%
Feudal
10:44
Castle
—
Imperial
—
| APM avg | 40.8 |
| APM peak | 77 |
| eAPM avg | 21.4 |
| Villagers / military | 31 / 0 |
Focus
⚔️ 33.8% · 🌾 66.2%
Feudal
11:13
Castle
—
Imperial
—
| APM avg | 17.9 |
| APM peak | 31 |
| eAPM avg | 11.1 |
| Villagers / military | 29 / 0 |
Focus
⚔️ 18.8% · 🌾 81.2%
Feudal
10:06
Castle
13:37
Imperial
—
| APM avg | 37.3 |
| APM peak | 73 |
| eAPM avg | 17.6 |
| Villagers / military | 30 / 0 |
Focus
⚔️ 17.0% · 🌾 83.0%
Feudal
9:41
Castle
—
Imperial
—
| APM avg | 23.4 |
| APM peak | 49 |
| eAPM avg | 13.6 |
| Villagers / military | 30 / 0 |
Focus
⚔️ 22.3% · 🌾 77.7%
Match map
Initial resources + every placement click. Lines = walls · curves = elevation contours. ◆ gold · ⬟ stone · ● berries · ✦ relic · ◌ wall gap
Inputs per minute
— Old Man Cam - - SkinnyPig
Build order — Old Man Cam
48 actions detected in the replay
| 0:01 | Create | Villager (Male) |
| 0:01 | Create | Villager (Male) |
| 0:02 | Build | House |
| 0:03 | Build | House |
| 0:17 | Create | Villager (Male) |
| 0:17 | Create | Villager (Male) |
| 0:18 | Create | Villager (Male) |
| 1:33 | Create | Villager (Male) |
| 1:33 | Create | Villager (Male) |
| 1:53 | Build | Lumber Camp |
| 1:56 | Create | Villager (Male) |
| 1:56 | Create | Villager (Male) |
| 2:21 | Create | Villager (Male) |
| 2:21 | Create | Villager (Male) |
| 2:56 | Create | Villager (Male) |
| 2:56 | Create | Villager (Male) |
| 2:56 | Create | Villager (Male) |
| 3:30 | Build | House |
| 3:38 | Create | Villager (Male) |
| 3:38 | Create | Villager (Male) |
| 4:02 | Create | Villager (Male) |
| 4:20 | Build | Mill |
| 4:27 | Research | Loom |
| 4:39 | Create | Villager (Male) |
| 4:39 | Create | Villager (Male) |
| 4:48 | Build | House |
| 5:08 | Create | Villager (Male) |
| 5:08 | Create | Villager (Male) |
| 5:57 | Create | Villager (Male) |
| 6:23 | Create | Villager (Male) |
| 6:43 | Create | Villager (Male) |
| 6:51 | Build | House |
| 7:15 | Create | Villager (Male) |
| 7:25 | Create | Villager (Male) |
| 8:04 | Create | Villager (Male) |
| 8:24 | Create | Villager (Male) |
| 8:51 | Build | Mining Camp |
| 8:55 | Create | Villager (Male) |
| 8:59 | Research | Feudal Age |
| 10:16 | Create | Villager (Male) |
| 10:16 | Create | Villager (Male) |
| 11:21 | Age | Feudal Age |
| 11:25 | Build | Market |
| 11:27 | Build | House |
| 11:33 | Build | Blacksmith |
| 12:10 | Research | Castle Age |
| 12:23 | Build | Mill |
| 12:35 | Research | Double-Bit Axe |
Build order — SkinnyPig
45 actions detected in the replay
| 0:04 | Build | House |
| 0:13 | Build | House |
| 0:28 | Create | Villager (Male) |
| 0:28 | Create | Villager (Male) |
| 0:29 | Create | Villager (Male) |
| 0:29 | Create | Villager (Male) |
| 1:47 | Create | Villager (Male) |
| 1:47 | Create | Villager (Male) |
| 2:11 | Create | Villager (Male) |
| 2:37 | Build | Lumber Camp |
| 2:39 | Create | Villager (Male) |
| 2:56 | Create | Villager (Male) |
| 3:29 | Create | Villager (Male) |
| 4:11 | Create | Villager (Male) |
| 4:17 | Build | House |
| 4:35 | Create | Villager (Male) |
| 4:58 | Research | Loom |
| 5:01 | Create | Villager (Male) |
| 5:01 | Create | Villager (Male) |
| 5:14 | Build | Mill |
| 5:15 | Create | Villager (Male) |
| 5:32 | Create | Villager (Male) |
| 5:47 | Build | House |
| 6:04 | Build | Palisade Wall |
| 6:17 | Create | Villager (Male) |
| 7:18 | Create | Villager (Male) |
| 7:19 | Create | Villager (Male) |
| 7:31 | Create | Villager (Male) |
| 7:38 | Build | Mining Camp |
| 7:49 | Create | Villager (Male) |
| 8:34 | Create | Villager (Male) |
| 9:07 | Build | House |
| 9:24 | Create | Villager (Male) |
| 10:00 | Research | Feudal Age |
| 10:00 | Research | Feudal Age |
| 11:59 | Build | Farm |
| 12:10 | Age | Feudal Age |
| 12:12 | Build | Market |
| 12:14 | Build | Blacksmith |
| 12:19 | Create | Villager (Male) |
| 12:20 | Create | Villager (Male) |
| 13:08 | Research | Castle Age |
| 13:36 | Research | Double-Bit Axe |
| 13:37 | Research | Double-Bit Axe |
| 13:56 | Research | Horse Collar |
Build order — ConquerKing360
42 actions detected in the replay
| 0:03 | Build | House |
| 0:04 | Build | House |
| 0:05 | Create | Villager (Male) |
| 0:05 | Create | Villager (Male) |
| 0:05 | Create | Villager (Male) |
| 0:06 | Create | Villager (Male) |
| 1:45 | Create | Villager (Male) |
| 1:48 | Build | Lumber Camp |
| 1:58 | Create | Villager (Male) |
| 2:29 | Create | Villager (Male) |
| 2:56 | Create | Villager (Male) |
| 3:35 | Create | Villager (Male) |
| 3:53 | Create | Villager (Male) |
| 4:06 | Create | Villager (Male) |
| 4:13 | Build | House |
| 4:43 | Build | Mill |
| 4:51 | Create | Villager (Male) |
| 4:51 | Create | Villager (Male) |
| 4:52 | Create | Villager (Male) |
| 5:53 | Create | Villager (Male) |
| 6:10 | Build | House |
| 6:28 | Create | Villager (Male) |
| 6:35 | Build | Lumber Camp |
| 6:59 | Create | Villager (Male) |
| 7:00 | Create | Villager (Male) |
| 7:00 | Create | Villager (Male) |
| 7:05 | Build | House |
| 7:51 | Create | Villager (Male) |
| 8:16 | Create | Villager (Male) |
| 8:19 | Build | Mining Camp |
| 8:47 | Create | Villager (Male) |
| 9:40 | Research | Feudal Age |
| 10:41 | Build | Mill |
| 11:53 | Research | Town Watch |
| 11:53 | Create | Villager (Male) |
| 12:01 | Build | Market |
| 12:04 | Build | Blacksmith |
| 12:59 | Research | Castle Age |
| 13:18 | Research | Double-Bit Axe |
| 13:34 | Research | Horse Collar |
| 13:41 | Build | House |
| 13:42 | Build | House |
Build order — FletcheR
46 actions detected in the replay
| 0:01 | Create | Villager (Male) |
| 0:03 | Build | House |
| 0:04 | Build | House |
| 0:21 | Research | Loom |
| 0:39 | Create | Villager (Male) |
| 0:39 | Create | Villager (Male) |
| 0:39 | Create | Villager (Male) |
| 2:50 | Create | Villager (Male) |
| 2:57 | Build | Palisade Wall |
| 2:59 | Build | Palisade Wall |
| 2:59 | Build | Palisade Wall |
| 3:00 | Build | Palisade Wall |
| 3:01 | Build | Palisade Wall |
| 3:01 | Build | Palisade Wall |
| 3:02 | Build | Palisade Wall |
| 3:03 | Build | Palisade Wall |
| 3:17 | Create | Villager (Male) |
| 3:26 | Build | Palisade Wall |
| 3:38 | Create | Villager (Male) |
| 3:46 | Build | Lumber Camp |
| 4:08 | Create | Villager (Male) |
| 4:38 | Create | Villager (Male) |
| 4:48 | Create | Villager (Male) |
| 5:09 | Build | House |
| 5:17 | Create | Villager (Male) |
| 5:41 | Create | Villager (Male) |
| 6:21 | Create | Villager (Male) |
| 6:39 | Create | Villager (Male) |
| 7:08 | Create | Villager (Male) |
| 7:10 | Create | Villager (Male) |
| 7:20 | Create | Villager (Male) |
| 7:59 | Build | House |
| 8:04 | Build | Mining Camp |
| 8:27 | Research | Feudal Age |
| 8:59 | Build | Mill |
| 10:30 | Create | Villager (Male) |
| 10:37 | Age | Feudal Age |
| 10:38 | Build | House |
| 11:01 | Create | Villager (Male) |
| 11:30 | Create | Villager (Male) |
| 11:40 | Build | Mill |
| 11:51 | Create | Villager (Male) |
| 12:40 | Create | Villager (Male) |
| 13:04 | Research | Castle Age |
| 13:36 | Build | Stable |
| 14:14 | Research | Double-Bit Axe |
Build order — Gyro
57 actions detected in the replay
| 0:01 | Create | Villager (Male) |
| 0:01 | Create | Villager (Male) |
| 0:03 | Build | House |
| 0:04 | Build | House |
| 0:04 | Create | Villager (Male) |
| 0:05 | Create | Villager (Male) |
| 0:22 | Create | Villager (Male) |
| 0:23 | Research | Loom |
| 0:39 | Create | Villager (Male) |
| 0:40 | Create | Villager (Male) |
| 2:08 | Build | Palisade Wall |
| 2:27 | Create | Villager (Male) |
| 2:27 | Create | Villager (Male) |
| 2:34 | Build | Lumber Camp |
| 2:43 | Build | Palisade Wall |
| 2:45 | Create | Villager (Male) |
| 2:45 | Create | Villager (Male) |
| 3:16 | Create | Villager (Male) |
| 3:41 | Create | Villager (Male) |
| 3:41 | Create | Villager (Male) |
| 4:04 | Create | Villager (Male) |
| 4:11 | Build | House |
| 4:36 | Create | Villager (Male) |
| 4:36 | Create | Villager (Male) |
| 4:52 | Create | Villager (Male) |
| 5:08 | Create | Villager (Male) |
| 5:22 | Build | House |
| 5:29 | Create | Villager (Male) |
| 5:54 | Create | Villager (Male) |
| 5:56 | Build | Mill |
| 6:04 | Create | Villager (Male) |
| 6:33 | Create | Villager (Male) |
| 7:00 | Build | House |
| 7:10 | Create | Villager (Male) |
| 8:07 | Create | Villager (Male) |
| 8:07 | Create | Villager (Male) |
| 8:34 | Research | Feudal Age |
| 8:57 | Build | Mining Camp |
| 9:32 | Build | Lumber Camp |
| 9:37 | Create | Villager (Male) |
| 9:38 | Create | Villager (Male) |
| 10:00 | Build | Mining Camp |
| 10:44 | Age | Feudal Age |
| 11:01 | Build | Stone Wall |
| 11:10 | Create | Villager (Male) |
| 11:39 | Build | Market |
| 11:40 | Create | Villager (Male) |
| 12:12 | Build | Blacksmith |
| 12:19 | Create | Villager (Male) |
| 12:38 | Build | Outpost |
| 12:56 | Research | Castle Age |
| 13:04 | Build | Outpost |
| 13:13 | Research | Town Watch |
| 13:28 | Research | Double-Bit Axe |
| 13:58 | Build | Outpost |
| 14:08 | Build | Outpost |
| 14:21 | Research | Horse Collar |
Build order — Hamstring Cramp
49 actions detected in the replay
| 0:02 | Create | Villager (Male) |
| 0:03 | Build | House |
| 0:04 | Build | House |
| 0:09 | Create | Villager (Male) |
| 0:09 | Create | Villager (Male) |
| 0:10 | Create | Villager (Male) |
| 0:19 | Research | Loom |
| 0:33 | Build | Palisade Wall |
| 1:03 | Create | Villager (Male) |
| 1:03 | Create | Villager (Male) |
| 1:04 | Create | Villager (Male) |
| 2:22 | Create | Villager (Male) |
| 2:33 | Build | Lumber Camp |
| 2:39 | Create | Villager (Male) |
| 3:24 | Create | Villager (Male) |
| 3:39 | Build | House |
| 3:49 | Create | Villager (Male) |
| 4:12 | Create | Villager (Male) |
| 4:16 | Build | House |
| 4:32 | Create | Villager (Male) |
| 4:58 | Create | Villager (Male) |
| 5:17 | Create | Villager (Male) |
| 5:43 | Create | Villager (Male) |
| 5:44 | Create | Villager (Male) |
| 5:54 | Build | House |
| 5:56 | Build | House |
| 6:02 | Build | House |
| 6:54 | Create | Villager (Male) |
| 6:54 | Create | Villager (Male) |
| 6:55 | Create | Villager (Male) |
| 7:05 | Create | Villager (Male) |
| 7:05 | Create | Villager (Male) |
| 8:04 | Build | Mill |
| 9:03 | Research | Feudal Age |
| 9:29 | Build | Mining Camp |
| 10:11 | Build | Palisade Wall |
| 10:49 | Create | Villager (Male) |
| 11:13 | Age | Feudal Age |
| 11:16 | Build | Stone Wall |
| 11:42 | Create | Villager (Male) |
| 11:43 | Create | Villager (Male) |
| 12:26 | Build | Mining Camp |
| 12:35 | Build | Market |
| 12:38 | Create | Villager (Male) |
| 12:38 | Create | Villager (Male) |
| 13:10 | Create | Villager (Male) |
| 13:40 | Build | Blacksmith |
| 14:09 | Create | Villager (Male) |
| 14:20 | Research | Castle Age |
Build order — turquesa
52 actions detected in the replay
| 0:01 | Create | Villager (Male) |
| 0:02 | Build | House |
| 0:03 | Build | House |
| 0:12 | Create | Villager (Male) |
| 0:12 | Create | Villager (Male) |
| 0:12 | Create | Villager (Male) |
| 1:24 | Create | Villager (Male) |
| 1:49 | Create | Villager (Male) |
| 2:12 | Build | Lumber Camp |
| 2:24 | Create | Villager (Male) |
| 2:24 | Create | Villager (Male) |
| 2:53 | Create | Villager (Male) |
| 3:00 | Build | House |
| 3:03 | Create | Villager (Male) |
| 3:04 | Create | Villager (Male) |
| 3:33 | Create | Villager (Male) |
| 3:33 | Create | Villager (Male) |
| 3:49 | Build | House |
| 3:59 | Create | Villager (Male) |
| 4:26 | Create | Villager (Male) |
| 4:27 | Create | Villager (Male) |
| 4:39 | Build | Mill |
| 4:46 | Create | Villager (Male) |
| 4:46 | Create | Villager (Male) |
| 5:01 | Build | Palisade Wall |
| 5:20 | Create | Villager (Male) |
| 5:42 | Create | Villager (Male) |
| 6:05 | Create | Villager (Male) |
| 6:25 | Create | Villager (Male) |
| 6:26 | Create | Villager (Male) |
| 7:11 | Build | Mining Camp |
| 7:14 | Create | Villager (Male) |
| 7:50 | Research | Feudal Age |
| 8:04 | Build | House |
| 8:50 | Create | Villager (Male) |
| 8:51 | Create | Villager (Male) |
| 10:06 | Age | Feudal Age |
| 10:10 | Build | Market |
| 10:14 | Build | Blacksmith |
| 10:57 | Research | Castle Age |
| 10:57 | Research | Castle Age |
| 11:32 | Research | Double-Bit Axe |
| 11:39 | Build | House |
| 12:23 | Create | Villager (Male) |
| 13:37 | Age | Castle Age |
| 13:40 | Build | Town Center |
| 13:44 | Create | Villager (Male) |
| 13:49 | Build | Town Center |
| 13:58 | Build | Monastery |
| 14:03 | Create | Villager (Male) |
| 14:08 | Build | Farm |
| 14:26 | Create | Villager (Male) |
Build order — Lhypopead
51 actions detected in the replay
| 0:02 | Create | Villager (Male) |
| 0:02 | Create | Villager (Male) |
| 0:03 | Create | Villager (Male) |
| 0:04 | Build | House |
| 0:05 | Build | House |
| 0:53 | Create | Villager (Male) |
| 1:11 | Build | House |
| 1:29 | Create | Villager (Male) |
| 2:10 | Create | Villager (Male) |
| 2:10 | Create | Villager (Male) |
| 2:20 | Build | Palisade Wall |
| 2:23 | Build | Lumber Camp |
| 2:29 | Create | Villager (Male) |
| 3:05 | Build | House |
| 3:14 | Create | Villager (Male) |
| 3:29 | Create | Villager (Male) |
| 4:18 | Create | Villager (Male) |
| 4:18 | Create | Villager (Male) |
| 4:48 | Create | Villager (Male) |
| 5:24 | Create | Villager (Male) |
| 5:33 | Build | Mining Camp |
| 5:47 | Create | Villager (Male) |
| 6:13 | Create | Villager (Male) |
| 6:19 | Build | House |
| 6:48 | Create | Villager (Male) |
| 7:31 | Research | Feudal Age |
| 7:36 | Build | Mill |
| 8:48 | Build | House |
| 8:53 | Create | Villager (Male) |
| 8:55 | Create | Villager (Male) |
| 9:41 | Age | Feudal Age |
| 9:53 | Build | Watch Tower |
| 10:00 | Create | Villager (Male) |
| 10:02 | Build | Blacksmith |
| 10:41 | Research | Fletching |
| 10:54 | Create | Villager (Male) |
| 10:57 | Create | Villager (Male) |
| 11:24 | Build | Watch Tower |
| 11:28 | Create | Villager (Male) |
| 11:29 | Create | Villager (Male) |
| 11:49 | Build | House |
| 11:54 | Build | Market |
| 12:23 | Create | Villager (Male) |
| 12:24 | Create | Villager (Male) |
| 12:35 | Create | Villager (Male) |
| 12:36 | Create | Villager (Male) |
| 13:01 | Build | Stone Wall |
| 13:17 | Create | Villager (Male) |
| 13:35 | Create | Villager (Male) |
| 13:43 | Build | Mining Camp |
| 14:06 | Build | House |
Match timeline
| 0:33 | Hamstring Cramp · wall_segment Palisade Wall x12 |
| 2:08 | Gyro · wall_segment Palisade Wall x8 |
| 2:20 | Lhypopead · wall_segment Palisade Wall x11 |
| 2:43 | Gyro · wall_segment Palisade Wall x7 |
| 2:57 | FletcheR · wall_segment Palisade Wall x1 |
| 2:59 | FletcheR · wall_segment Palisade Wall x1 |
| 2:59 | FletcheR · wall_segment Palisade Wall x1 |
| 3:00 | FletcheR · wall_segment Palisade Wall x1 |
| 3:01 | FletcheR · wall_segment Palisade Wall x1 |
| 3:01 | FletcheR · wall_segment Palisade Wall x1 |
| 3:02 | FletcheR · wall_segment Palisade Wall x1 |
| 3:03 | FletcheR · wall_segment Palisade Wall x1 |
| 3:26 | FletcheR · wall_segment Palisade Wall x1 |
| 5:01 | turquesa · wall_segment Palisade Wall x1 |
| 6:04 | SkinnyPig · wall_segment Palisade Wall x1 |
| 9:41 | Lhypopead · age_up feudal |
| 10:06 | turquesa · age_up feudal |
| 10:11 | Hamstring Cramp · wall_segment Palisade Wall x12 |
| 10:37 | FletcheR · age_up feudal |
| 10:44 | Gyro · age_up feudal |
| 11:01 | Gyro · wall_segment Stone Wall x7 |
| 11:13 | Hamstring Cramp · age_up feudal |
| 11:16 | Hamstring Cramp · wall_segment Stone Wall x13 |
| 11:21 | Old Man Cam · age_up feudal |
| 12:10 | SkinnyPig · age_up feudal |
| 13:01 | Lhypopead · wall_segment Stone Wall x12 |
| 13:36 | FletcheR · first_building Stable |
| 13:37 | turquesa · age_up castle |
| 13:58 | turquesa · first_building Monastery |
| 14:12 | Old Man Cam · resign |
[ AI ANALYSIS · 1 CREDIT ]
What really happened in this match?
Wolo.gg analyzes every decision: build order, eco, micro, common mistakes by bracket. Personalized analysis on WhatsApp or Discord in 30 seconds.
Civ guide
Franks
Perfil
Jugador #1959525